Description

This build order is really easy to execute. He is designed for beginner or new player who want a solid build order to improve and to reach a good level.

The goal is to play a safe early and mid game with cyclone/tank/banshee then to go on a Battlecruiser/mine army. This build can be done against Zerg, Terran or Protoss with almost no variation from Bronze to Master. The build is really strong.

Why i did this build order ?

  • Easy to do for beginner
  • Universal : Can be done against Zerg, Terran and Protoss
  • Easy to understand
  • Help you to improve your mechanics by focusing on macro
  • Macro oriented
  • Include scouting timing to help you learning how to scout
  • Can be done from bronze to master (I did a serie using only this)
  • Really powerfull with many strong timings

Few tips :

  • Try to follow the opening: rax expand => 1 reaper => marine => reactor. It's really safe
  • If you see a big all-in, just make more tanks before switching to banshee.
  • If you see a big zerg all-in: Do a faster wall in front of your natural expand
  • Your critical ressource is gas. Never forget to take them and take them fast
  • When you play BC/Mine: Mine should be in front of your army. Burrow them, back your army and come back again with your BC after mines shots

This build is designed to be good in late game. You can use it without adaptation until mid-diamond. In mid-diamond you should do some small adaptations like starting adapting against all-in like mass zerglings and Bbust.

VOD

https://youtu.be/SqCx_xbXDvo

Replay - TvX - Easy MECH build Order

Build Order

Get SALT Encoding   

  12  0:01  SCV  
  13  0:13  SCV  
  14  0:18  Supply Depot  
  14  0:25  SCV  
  15  0:40  SCV, Barracks  
  16  0:45  Refinery  
  16  0:52  SCV  
  18  1:04  SCV  
  18  1:16  SCV  
  19  1:28  Reaper  
  19  1:29  Orbital Command  
  20  1:46  Command Center  
  20  1:55  SCV  
  20  2:00  Marine  
  22  2:03  Supply Depot  
  22  2:07  SCV  
  23  2:16  Factory  
  23  2:23  Refinery  
  23  2:24  SCV  
  23  2:26  Barracks Reactor  
  25  2:43  Bunker  
  26  2:59  Orbital Command  
  26  3:04  Marine x2  
  29  3:07  Factory Tech Lab  
  32  3:28  Cyclone  
  32  3:31  Starport  
  35  3:36  Marine  
  35  3:38  Refinery  
  38  3:43  Refinery  
  38  3:49  Supply Depot  
  40  4:00  Siege Tank  
  45  4:10  Starport Tech Lab  
  45  4:11  Supply Depot  
  46  4:17  Supply Depot  
  47  4:30  Cloaking Field  
  49  4:31  Banshee  
  53  4:43  Siege Tank  
  58  4:56  Fusion Core  
  59  5:03  Starport  
  61  5:14  Banshee  
  67  5:39  Starport Tech Lab  
  67  5:46  Command Center  
  69  5:57  Battlecruiser  
  69  5:58  Engineering Bay  
  75  6:06  Battlecruiser  
  85  6:31  Armory x2  
  87  7:02  Battlecruiser  
  87  7:06  Refinery x2  
  93  7:11  Battlecruiser  
  101  7:26  Planetary Fortress  
  100  7:43  Terran Vehicle And Ship Armor Level 1, Terran Ship Weapons Level 1  
  100  7:49  Drilling Claws  
  103  8:09  Battlecruiser  
  111  8:19  Sensor Tower  
  111  8:32  Battlecruiser  
  117  8:44  Starport  
  117  8:47  Widow Mine  
  119  8:48  Command Center  
  119  9:01  Refinery  
  119  9:07  Starport  
  119  9:09  Refinery  
  121  9:13  Battlecruiser  
  130  9:36  Battlecruiser  
  136  9:42  Terran Vehicle And Ship Armor Level 2  
  136  9:43  Terran Ship Weapons Level 2  
  136  9:45  Starport Tech Lab  
Spawning Tool Build Advisor. Get it on Overwolf

Go to:

Details

  • Created by: zuka      
  • Published on: Jan 14, 2019
  • Modified on: Jan 14, 2019
  • Patch: 4.7.1
  • Difficulty: Easy
Show
View Real Time Build Order
Export as new Build Order

Comments (1)

On Dec. 8, 2019, 9:04 a.m., bouch44  said:

101 7:26 Planetary Fortress
100 7:43 Terran Vehicle And Ship Armor Level 1, Terran Ship Weapons Level 1

???

Create an account to comment!